 Dungeon Crawl Stone Soup version 0.31.0-11-ge490571c62 (webtiles) character file.

Game seed: 4997771092277186049

33326 Ruich the Severer (level 13, -5/130 HPs)
             Began as a Tengu Berserker on Feb 5, 2024.
             Was an Elder of Trog.
             Slain by an orc knight
             ... wielding a +0 bardiche
              (9 damage)
             ... on level 2 of the Orcish Mines.
             The game lasted 00:56:19 (20573 turns).

Ruich the Severer (Tengu Berserker)                Turns: 20573, Time: 00:56:20

Health: -5/130     AC: 18    Str: 21    XL:     13   Next: 70%
Magic:  14/14      EV: 18    Int:  7    God:    Trog [****..]
Gold:   1529       SH:  0    Dex: 16    Spells: 12/12 levels left

rFire   . . .        C - +0 battleaxe
rCold   . . .        (shield currently unavailable)
rNeg    . . .        w - +0 plate armour
rPois   .            (helmet restricted)
rElec   .            (no cloak)
rCorr   +            y - +1 pair of gloves
SInv    .            (boots unavailable)
Will    .....        (no amulet) Stlth
                     R - ring of resist corrosion
HPRegen 0.41/turn    E - +5 ring of evasion
MPRegen 0.14/turn

%: acrobat
@: berserking, flying, studying Invocations, very quick
A: beak, talons 3, evasive flight, acrobatic
a: Renounce Religion, Berserk, Trog's Hand, Brothers in Arms


You were on level 2 of the Orcish Mines.
You worshipped Trog.
Trog was greatly pleased with you.
You visited 3 branches of the dungeon, and saw 16 of its levels.
You also visited: Sewer.

You collected 1529 gold pieces.


Innate Abilities, Weirdness & Mutations

You have a beak for a mouth.
You have claws for feet.
Your magical flight helps you evade attacks. (EV +4)
You can magically evade attacks while moving or waiting.


   Skills:
 + Level 12.3 Fighting
 * Level 16.1 Axes
 + Level 12.1 Armour
 - Level 4.7 Dodging
 - Level 4.0 Stealth
 - Level 6.0 Evocations


You had 12 spell levels left.
You didn't know any spells.
Your spell library was empty.

Inventory:

Hand Weapons
 a - a +1 hand axe of protection
 v - a +0 war axe
 C - a +0 battleaxe (weapon)
Missiles
 d - 148 stones (quivered)
 o - 3 throwing nets {=f}
 x - 29 poisoned darts
Armour
 w - a +0 plate armour (worn)
 y - a +1 pair of gloves (worn)
Jewellery
 E - a +5 ring of evasion (right hand)
 M - a ring of magical power
 R - a ring of resist corrosion (left hand)
Wands
 i - a wand of charming (22)
 k - a wand of polymorph (15)
 m - a wand of roots (42)
 A - a wand of mindburst (9)
Scrolls
 b - 4 scrolls of teleportation {@r2}
 e - a scroll of silence {unknown}
 f - 2 scrolls of poison
 g - a scroll of revelation
 j - 2 scrolls of fog
 l - 3 scrolls of enchant weapon
 u - a scroll of blinking
 B - a scroll of fear
Potions
 c - 2 potions of berserk rage {!q}
 h - a potion of might
 n - 3 potions of lignification
 p - 5 potions of enlightenment
 q - 4 potions of magic
 r - 3 potions of mutation
 t - 2 potions of haste {@q3}
 z - 4 potions of attraction
Miscellaneous
 s - a lightning rod (4/4)

Dungeon Overview and Level Annotations

Branches:
Dungeon (10/15)            Temple (0/1) D:6            Lair (4/5) D:10
 Shoals (0/4) Lair:2        Snake (0/4) Lair:3          Orc (2/2) D:10
    Elf (0/3) Orc:2         Sewer (visited)
  Slime: Lair:4-5

Altars:
Ashenzari
Cheibriados
Elyvilon
Fedhas
Hepliaklqana
Kikubaaqudgha
Makhleb
Nemelex Xobeh
Okawaru
Qazlal
Uskayaw
Wu Jian
Xom
Yredelemnul
Jiyva

Shops:
D:1 !   D:6 [   D:8 (

Annotations:
Lair:1 jasper's ghost, journeyman AtFi
Lair:4 exclusion: 3 oklob plants ▒........#.......... ..8................[[... .........#.......)...... ........................ .........##.#......... ...........##........ ..o.... ▒▒▒.........[......... .oo.oo.

▒...).......[......... ▒..o..
▒...@o....[.......... ▒..oh.
▒▒...)).............[ ▒.....
▒....<........#....) ▒8...8▒▒▒▒
▒.......##..........
▒.....▒..▒▒▒▒........#..........
#........................##....
#....#.##..#..............#.....
#..# ####.....>................#
... ##............#.....))....


You could see an orc knight.


Message History

The orc knight misses you.
Unknown command.
You closely miss the orc knight. Your kick misses the orc knight.
Your peck misses the orc knight.
The orc knight is severely wounded.
The orc knight completely misses you.
You closely miss the orc knight.
You claw the orc knight, but do no damage.
The orc knight is severely wounded.
You hit the orc knight but do no damage.
Your peck misses the orc knight.
The orc knight is severely wounded.
The orc knight completely misses you.
You hit the orc knight but do no damage.
Your peck misses the orc knight.
The orc knight is severely wounded.
The orc knight hits you with a +0 bardiche!
* * * LOW HITPOINT WARNING * * *
Unknown command.
Use which ability? (? or * to list)
A red film seems to cover your vision as you go berserk!
You feel yourself moving faster!
You feel mighty!
The orc knight hits you with a +0 bardiche!
* * * LOW HITPOINT WARNING * * *
Unknown command.
You hit the orc knight but do no damage.
Your kick misses the orc knight.
The orc knight is severely wounded.
The orc knight hits you with a +0 bardiche!
You die...

Skill      XL: |  1  2  3  4  5  6  7  8  9 10 11 12 13 |
---------------+----------------------------------------+-----
Axes           | 4 5 6 8 10 12 14 16 | 16.1
Armour         | 3 4 6 7 9 10 12 | 12.1
Dodging        | 3 4 |  4.7
Fighting       | 4 6 7 8 9 11 12 | 12.3
Stealth        | 1 4 |  4.0
Evocations     | 4 6 |  6.0

Action                     |  1- 3 |  4- 6 |  7- 9 | 10-12 | 13-15 || total
---------------------------+-------+-------+-------+-------+-------++-------
  Melee: Hand axe          |    74 |   180 |   326 |   792 |   142 ||  1514
         Kick              |    17 |    34 |    93 |   311 |   131 ||   586
         Peck              |     6 |    15 |    62 |   205 |    79 ||   367
         Punch             |     2 |     3 |     2 |    15 |     4 ||    26
         War axe           |       |       |       |    18 |   159 ||   177
         Battleaxe         |       |       |       |       |    51 ||    51
  Throw: Stone             |       |     3 |       |     2 |     2 ||     7
 Invoke: Berserk           |     1 |     5 |     4 |     8 |     6 ||    24
         Trog's Hand       |       |     2 |     3 |     5 |     2 ||    12
         Brothers in Arms  |       |       |       |     4 |     1 ||     5
  Evoke: Lightning rod     |       |       |       |     3 |       ||     3
         Wand              |       |       |       |     1 |       ||     1
    Use: Scroll            |       |    17 |     4 |     7 |     2 ||    30
         Potion            |       |       |     4 |     3 |       ||     7
 Armour: Animal skin       |    13 |       |       |       |       ||    13
         Leather armour    |    17 |    24 |       |       |       ||    41
         Chain mail        |       |   116 |   185 |    25 |       ||   326
         Plate armour      |       |       |       |   392 |   186 ||   578
  Dodge: Dodged            |    48 |   155 |   206 |   418 |   294 ||  1121

Levels and vault maps discovered:
D:1:      minmay_arrival_shattered_statue, layout_basic, serial_shops, shop
D:2:      layout_basic, chequers_serial_rivers_micro_a,
          chequers_serial_rivers_room_a, uniq_natasha
D:3:      layout_basic, kennysheep_slug_shrine, old_standard_altar,
          overflow_temple_1_default, kiku_gazebo_pond_becter,
          mainiacjoe_sewer_entry_somewhere_in_here_1,
          ebering_ecumenical_altar_rust
D:4:      layout_gridville, uniq_edmund
D:5:      layout_basic, mainiacjoe_overflow_alcove_1
D:6:      layout_loops_ring, lemuel_doored_altar, makhleb_blood_cavern_becter,
          lemuel_crystal_altar, minmay_temple_entry_stoned_glass, serial_shops,
          kennysheep_little_box, uniq_menkaure
D:7:      dreamdust_elfheim, layout_rooms, okawaru_metal_pillars_1_2,
          elyvilon_altar_3, marbit_many_paths
D:8:      layout_basic, serial_shops, nicolae_shop_advertising_works
          [nicolae_subvault_shop_adworks], st_stairs_7, nicolae_lava_and_water,
          minmay_misc_feat_nine_boxes, nicolae_straight_to_the_point
D:9:      layout_basic, old_standard_altar, nicolae_uskayaw_dance_hall,
          serial_ice, serial_ice_f, serial_ice_o, serial_ice_n, serial_ice_i,
          minmay_misc_feat_room, uniq_joseph, uniq_grum
D:10:     layout_gridville, kennysheep_mini, lair_entry_dummy, orc_0_dummy
Lair:1:   layout_hall_layers, gammafunk_ghost_ooze, lemuel_fruit_fields,
          uniq_maggie
Lair:2:   layout_roguey, mainiacjoe_shoals_entry_four_pools, uniq_fannar
Lair:3:   layout_cave_shapes, alex1729_snake_entry_snake,
          grunt_forest_stairs_clearing, infiniplex_staircase_pool
Lair:4:   layout_regular_city, dpeg_oklob_1
Orc:1:    layout_caves, basic_altar, nicolae_orc_seminary
Orc:2:    grunt_orc_cross, layout_caves

Notes
Turn   | Place    | Note
-------+----------+-------------------------------------------
     0 | D:1      | Ruich the Tengu Berserker began the quest for the Orb.
     0 | D:1      | Reached XP level 1. HP: 14/14 MP: 2/2
   243 | D:1      | Found Wucwiyj's Distillery.
   271 | D:1      | Reached XP level 2. HP: 17/19 MP: 3/3
   749 | D:2      | Reached XP level 3. HP: 23/23 MP: 4/4
   827 | D:2      | Reached ** piety under Trog
   828 | D:2      | Reached skill level 4 in Axes
  1034 | D:2      | Reached XP level 4. HP: 23/28 MP: 5/5
  1544 | D:3      | Reached skill level 3 in Armour
  1544 | D:3      | Reached skill level 3 in Dodging
  1614 | D:3      | Reached XP level 5. HP: 28/33 MP: 6/6
  1693 | D:3      | Found a stormy altar of Qazlal.
  1762 | D:3      | Found a basalt altar of Yredelemnul.
  1839 | D:3      | Found an ancient bone altar of Kikubaaqudgha.
  1916 | D:3      | Found a glowing drain.
  1922 | Sewer    | Entered a sewer
  1964 | Sewer    | Reached *** piety under Trog
  2067 | Sewer    | Reached skill level 5 in Axes
  2192 | Sewer    | Reached skill level 4 in Fighting
  2192 | Sewer    | Reached XP level 6. HP: 32/38 MP: 7/7
  2406 | D:3      | Found a snail-covered altar of Cheibriados.
  2690 | D:3      | Found a faded altar of an unknown god.
  3007 | D:4      | Reached skill level 4 in Armour
  3039 | D:4      | Reached skill level 4 in Dodging
  3041 | D:4      | Gained mutation: Your magical flight helps you evade
                  | attacks. (EV +4) [Tengu growth]
  3041 | D:4      | Reached XP level 7. HP: 28/43 MP: 8/8
  3197 | D:4      | Reached skill level 6 in Axes
  3288 | D:4      | Reached **** piety under Trog
  3776 | D:4      | Noticed Edmund
  3792 | D:4      | Killed Edmund
  4012 | D:5      | Entered Level 5 of the Dungeon
  4098 | D:5      | Reached XP level 8. HP: 47/48 MP: 9/9
  4369 | D:5      | Reached skill level 5 in Fighting
  4369 | D:5      | Reached skill level 7 in Axes
  4489 | D:5      | Reached skill level 5 in Armour
  4571 | D:5      | Found a broken altar of Ashenzari.
  4891 | D:6      | Reached skill level 8 in Axes
  5111 | D:6      | Found a sparkling altar of Nemelex Xobeh.
  5183 | D:6      | Found Luafub's Antique Armour Shop.
  5205 | D:6      | Found a staircase to the Ecumenical Temple.
  5213 | D:6      | Reached skill level 6 in Armour
  5267 | D:6      | Noticed Menkaure
  5275 | D:6      | Killed Menkaure
  5276 | D:6      | Reached skill level 6 in Fighting
  5276 | D:6      | Reached XP level 9. HP: 55/55 MP: 10/10
  5290 | D:6      | Found a shimmering altar of Xom.
  5358 | D:6      | Reached skill level 9 in Axes
  5371 | D:6      | Found a burning altar of Makhleb.
  5905 | D:7      | Noticed Duvessa
  5905 | D:7      | Noticed Dowan
  5913 | D:7      | Killed Duvessa
  5916 | D:7      | Killed Dowan
  6012 | D:7      | HP: 4/56 [something (4)]
  6019 | D:7      | Reached skill level 7 in Armour
  6212 | D:7      | Reached skill level 10 in Axes
  6216 | D:7      | Found a hazy altar of Hepliaklqana.
  6316 | D:7      | Found an iron altar of Okawaru.
  6424 | D:7      | Found a white marble altar of Elyvilon.
  6598 | D:8      | Reached skill level 7 in Fighting
  6903 | D:8      | Found Bostroi's Weapon Shoppe.
  7016 | D:8      | Reached XP level 10. HP: 63/63 MP: 11/11
  7229 | D:8      | Reached skill level 11 in Axes
  7263 | D:8      | Reached skill level 8 in Armour
  7719 | D:9      | Found an ornate altar of the Wu Jian Council.
  8011 | D:9      | Paralysed by a hornet for 3 turns
  8015 | D:9      | HP: 6/64 [hornet (1)]
  8019 | D:9      | HP: 2/64 [poisoned by a hornet]
  8359 | D:9      | Reached skill level 8 in Fighting
  8550 | D:9      | Found a hide-covered altar of Uskayaw.
  8659 | D:9      | Noticed Joseph
  8678 | D:9      | Killed Joseph
  8679 | D:9      | Reached skill level 12 in Axes
  9083 | D:9      | Noticed a two-headed ogre
  9087 | D:9      | Killed a two-headed ogre
  9088 | D:9      | Reached skill level 9 in Armour
  9207 | D:9      | Noticed a two-headed ogre
  9211 | D:9      | Killed a two-headed ogre
  9212 | D:9      | Reached XP level 11. HP: 69/69 MP: 12/12
  9392 | D:9      | Reached skill level 13 in Axes
  9775 | D:10     | Entered Level 10 of the Dungeon
 10036 | D:10     | Found a staircase to the Lair.
 10055 | D:10     | Reached skill level 9 in Fighting
 10353 | D:10     | Found a staircase to the Orcish Mines.
 10434 | D:10     | Found a blossoming altar of Fedhas.
 11028 | Lair:1   | Entered Level 1 of the Lair of Beasts
 11062 | Orc:1    | Entered Level 1 of the Orcish Mines
 11062 | Orc:1    | Noticed an orc knight
 11079 | D:10     | Killed an orc knight
 11427 | Lair:1   | Found a runed translucent gate.
 11427 | Lair:1   | Found a runed translucent gate.
 11427 | Lair:1   | Found a runed translucent gate.
 11427 | Lair:1   | Noticed a glowing orange brain
 11428 | Lair:1   | Noticed jasper's ghost (journeyman AtFi)
 11521 | Lair:1   | Reached skill level 10 in Armour
 11587 | Lair:1   | Reached skill level 14 in Axes
 11620 | Lair:1   | Noticed Maggie
 11636 | Lair:1   | Killed Maggie
 11874 | Lair:1   | Reached skill level 1 in Stealth
 11904 | Lair:1   | Reached XP level 12. HP: 63/77 MP: 13/13
 11913 | Lair:1   | HP: 7/77 [komodo dragon (4)]
 11913 | Lair:1   | HP: 3/77 [yak (4)]
 11929 | Lair:1   | Reached skill level 2 in Stealth
 11930 | Lair:1   | Reached skill level 10 in Fighting
 12501 | Lair:1   | Found a viscous altar of Jiyva.
 13037 | Lair:2   | Reached skill level 3 in Stealth
 13093 | Lair:2   | Noticed a skyshark
 13107 | Lair:2   | Killed a skyshark
 13108 | Lair:2   | Reached skill level 15 in Axes
 13113 | Lair:2   | Noticed Fannar
 13140 | Lair:2   | Killed Fannar
 13292 | Lair:2   | Noticed a skyshark
 13306 | Lair:2   | Killed a skyshark
 13759 | Lair:2   | Reached skill level 4 in Stealth
 13790 | Lair:2   | Found a staircase to the Shoals.
 13978 | Lair:3   | Reached skill level 1 in Evocations
 14309 | Lair:3   | Found a staircase to the Snake Pit.
 14590 | Lair:3   | Reached skill level 2 in Evocations
 15378 | Lair:3   | Reached skill level 16 in Axes
 15378 | Lair:3   | Reached skill level 3 in Evocations
 15813 | Lair:3   | Reached skill level 11 in Fighting
 16247 | Lair:4   | Reached skill level 4 in Evocations
 16247 | Lair:4   | Reached XP level 13. HP: 84/84 MP: 14/14
 16660 | Lair:4   | Reached skill level 11 in Armour
 17076 | Lair:4   | Reached skill level 5 in Evocations
 19319 | Orc:2    | Entered Level 2 of the Orcish Mines
 19362 | Orc:1    | Reached skill level 12 in Fighting
 19575 | Orc:2    | Paralysed by an orc sorcerer for 4 turns
 19584 | Orc:1    | Reached skill level 6 in Evocations
 20022 | Orc:2    | Found a staircase to the Elven Halls.
 20055 | Orc:2    | Noticed an orc warlord
 20088 | Orc:1    | Reached skill level 12 in Armour
 20572 | Orc:2    | HP: 4/130 [orc knight/+0 bardiche (11)]
 20573 | Orc:2    | Slain by an orc knight

Vanquished Creatures
  A hydra (Lair:4)
  Fannar (Lair:2)
  4 orc high priests
  2 skysharks (Lair:2)
  2 orc knights
  An orc sorcerer (Orc:1)
  A salamander (Lair:3)
  3 elephants (Lair:3)
  A cyclops (Lair:2)
  Joseph (D:9)
  4 black mambas
  3 kobold blastminers
  4 cane toads
  A torpor snail (Lair:3)
  Maggie (Lair:1)
  3 komodo dragons
  2 rime drakes
  4 trolls
  A hornet (D:9)
  2 polar bears
  2 dream sheep (Lair:3)
  11 blink frogs
  A spriggan (Lair:3)
  A wyvern (Lair:1)
  A shadow (D:10)
  2 slime creatures (Lair:1)
  A vampire (D:7)
  29 yaks
  A warg (Orc:1)
  A basilisk (Lair:1)
  Menkaure (D:6)
  Edmund (D:4)
  3 nagas (Lair:3)
  6 water moccasins
  An acid dragon (D:9)
  Duvessa (D:7)
  18 orc warriors
  A black bear (Lair:3)
  5 ice beasts
  A sky beast (D:7)
  7 ogres
  15 wolves
  5 centaurs
  2 phantoms (D:5)
  3 kobold brigands
  A gnoll sergeant (D:9)
  5 bullfrogs
  A necrophage (D:6)
  4 scorpions
  Dowan (D:7)
  5 wights (D:8)
  5 killer bees
  2 electric eels
  2 howler monkeys
  A bombardier beetle (D:3)
  A jelly (Lair:2)
  A gnoll bouda (D:4)
  15 orc priests
  12 orc wizards
  5 iguanas
  A centaur simulacrum (D:9)
  A hound skeleton (D:6)
  14 adders
  19 gnolls
  5 river rats (Sewer)
  A shadow imp (D:7)
  2 white imps
  A howler monkey simulacrum (D:9)
  5 ufetubi
  4 dart slugs
  3 ribbon worms (D:2)
  42 orcs
  25 ball pythons
  6 bats
  3 endoplasms
  4 giant cockroaches
  7 hobgoblins
  2 jackals (D:1)
  5 quokkas
  6 frilled lizards
  6 goblins
  26 kobolds
  18 rats
429 creatures vanquished.

Vanquished Creatures (collateral kills)
  2 two-headed ogres (D:9)
  A glowing orange brain (Lair:1)
3 creatures vanquished.

Grand Total: 432 creatures vanquished

Table legend: (Time is in decaauts)
 A = Elapsed time spent in this place.
 B = Non-inter-level travel time spent in this place.
 C = Inter-level travel time spent in this place.
 D = Time resting spent in this place.
 E = Time spent auto-exploring this place.
 F = Levels seen in this place.
 G = Mean time per level.
                   A        B        C        D        E       F      G
               +--------+--------+--------+--------+--------+-----+--------+
         Total |  20478 |  19868 |    610 |   6869 |   8248 |  17 | 1204.6 |
       Dungeon |  11246 |  10822 |    424 |   3233 |   5297 |  10 | 1124.6 |
          Lair |   6212 |   6066 |    146 |   2194 |   2517 |   4 | 1553.0 |
  Orcish Mines |   2465 |   2426 |     39 |   1324 |    336 |   2 | 1232.5 |
         Sewer |    554 |    554 |      0 |    115 |     98 |   1 |  554.0 |
               +--------+--------+--------+--------+--------+-----+--------+

Top non-repeatable levels by time:
  Lair:3: 2203 daAuts
     D:9: 2056 daAuts
    D:10: 1904 daAuts
   Orc:1: 1826 daAuts
  Lair:1: 1636 daAuts
  Lair:4: 1322 daAuts
     D:4: 1231 daAuts
     D:6: 1098 daAuts
     D:8: 1082 daAuts
  Lair:2: 1050 daAuts
     D:5: 842 daAuts
     D:3: 840 daAuts
     D:2: 818 daAuts
     D:1: 733 daAuts
   Orc:2: 638 daAuts

Table legend:
 A = Non-vault XP
 B = Vault XP
 C = Vault XP percentage of total XP
 D = Non-vault monster count
 E = Vault monster count
 F = Vault count percentage of total count
                 A         B        C        D         E       F
            +---------+---------+-------+---------+---------+-------
      Total |   36896 |   10713 |  22.5 |     330 |     102 |  23.6
            +---------+---------+-------+---------+---------+-------
        D:1 |      29 |       0 |   0.0 |      17 |       0 |   0.0
        D:2 |      74 |       0 |   0.0 |      24 |       0 |   0.0
        D:3 |     114 |      23 |  16.8 |      20 |       7 |  25.9
        D:4 |     445 |     171 |  27.8 |      25 |       1 |   3.8
        D:5 |     603 |       0 |   0.0 |      13 |       0 |   0.0
        D:6 |     850 |     275 |  24.4 |      19 |       3 |  13.6
        D:7 |     817 |     342 |  29.5 |      11 |       3 |  21.4
        D:8 |    1623 |      68 |   4.0 |      16 |       1 |   5.9
        D:9 |    3212 |    1911 |  37.3 |      29 |      15 |  34.1
       D:10 |    4060 |       0 |   0.0 |      36 |       0 |   0.0
     Lair:1 |    6753 |    1106 |  14.1 |      33 |       2 |   5.7
     Lair:2 |    2360 |    1410 |  37.4 |       4 |       3 |  42.9
     Lair:3 |    4490 |    2019 |  31.0 |      14 |      10 |  41.7
     Lair:4 |    6020 |       0 |   0.0 |      21 |       0 |   0.0
      Orc:1 |    3211 |    2379 |  42.6 |      26 |       7 |  21.2
      Orc:2 |    2235 |     688 |  23.5 |      22 |       8 |  26.7
      Sewer |       0 |     321 | 100.0 |       0 |      42 | 100.0
            +---------+---------+-------+---------+---------+-------
